Map: Alcyone LE

Players

Mixu - Winner!

  • Race: Zerg Zerg
  • League: Grandmaster
  • Spawn Location: 1:00

HolyHit

  • Race: Protoss Protoss
  • Spawn Location: 7:00

Event: HomeStory Cup XXV

VOD

Have the link to the VOD?

Description

Time

  • Played on: June 22, 2024, 3:28 p.m.
  • Length: 14:48

All games in this series

Show
View Real Time Build Order
Export as new Build Order

Mixu Zerg - Winner!

Build Orders: Hatch First, Lurkers 

Get SALT Encoding   

  12  0:00  Drone  
  13  0:13  Overlord  
  13  0:16  Drone  
  14  0:31  Drone x2  
  16  0:49  Hatchery  
  15  0:52  Drone  
  15  0:56  Drone  
  17  0:59  Drone  
  18  1:10  Extractor  
  17  1:14  Spawning Pool  
  16  1:19  Drone  
  16  1:21  Drone  
  18  1:28  Drone  
  19  1:40  Drone  
  20  1:50  Overlord  
  20  2:01  Queen x2  
  22  2:02  Zergling x4  
  26  2:11  Drone  
  26  2:12  Drone  
  26  2:13  Metabolic Boost  
  28  2:22  Drone  
  29  2:23  Drone  
  30  2:35  Hatchery  
  29  2:42  Drone x2  
  31  2:46  Overlord  
  31  2:51  Queen  
  33  2:56  Drone x2  
  35  3:02  Zergling x2  
  35  3:04  Queen  
  38  3:09  Overlord  
  38  3:11  Drone  
  39  3:15  Drone x2  
  41  3:21  Overlord  
  41  3:22  Drone x2  
  42  3:30  Overlord  
  42  3:31  Drone  
  42  3:33  Queen  
  45  3:39  Drone  
  45  3:40  Drone  
  47  3:41  Drone x2  
  49  3:49  Drone x3  
  49  3:53  Drone  
  53  4:05  Drone x5, Overlord  
  53  4:08  Drone  
  58  4:11  Queen  
  58  4:13  Spore Crawler  
  58  4:14  Drone x3  
  58  4:15  Drone  
  63  4:23  Drone x2  
  65  4:27  Drone x2  
  65  4:30  Lair  
  66  4:31  Drone  
  66  4:36  Hatchery, Zergling x2  
  66  4:37  Drone  
  68  4:41  Drone  
  68  4:42  Drone x3  
  72  4:45  Roach Warren  
  72  4:49  Drone x3  
  72  4:51  Drone x2, Extractor  
  72  4:52  Drone  
  76  4:53  Drone  
  76  4:55  Extractor  
  76  4:56  Extractor  
  76  4:57  Drone x2  
  77  5:03  Overlord  
  77  5:05  Evolution Chamber  
  77  5:06  Zergling x4, Extractor  
  74  5:07  Spore Crawler  
  74  5:08  Spore Crawler  
  74  5:10  Zergling x2  
  74  5:13  Zergling x2  
  74  5:14  Queen  
  72  5:16  Zergling x4  
  72  5:18  Zergling x4  
  72  5:19  Zergling x4  
  78  5:23  Evolution Chamber  
  78  5:27  Zergling x2  
  78  5:28  Zergling x8  
  75  5:36  Drone x2  
  74  5:43  Drone  
  74  5:44  Zerg Missile Weapons Level 1  
  74  5:46  Drone x2  
  74  5:47  Drone x2, Infestation Pit  
  78  5:50  Queen  
  78  5:52  Drone x3  
  78  5:53  Drone x3  
  78  5:56  Drone, Extractor  
  86  5:59  Drone  
  86  6:03  Drone x2  
  89  6:07  Overlord  
  89  6:08  Hydralisk Den  
  88  6:14  Drone x5  
  92  6:21  Drone x3  
  92  6:25  Overlord  
  95  6:28  Extractor  
  95  6:29  Drone, Glial Reconstitution  
  95  6:30  Hatchery  
  95  6:32  Drone x2  
  96  6:34  Overlord  
  96  6:35  Overseer  
  95  6:40  Spore Crawler x2  
  95  6:42  Evolution Chamber  
  95  6:43  Drone x3  
  95  6:46  Drone, Roach x2  
  100  6:55  Hive  
  100  6:58  Lurker Den  
  100  6:59  Drone  
  100  7:00  Hydralisk x2  
  104  7:03  Extractor  
  103  7:08  Drone x4  
  103  7:09  Drone x5  
  103  7:12  Overlord  
  112  7:21  Overlord x2  
  112  7:22  Hydralisk x3  
  112  7:27  Overlord  
  118  7:32  Hydralisk x4  
  126  7:37  Overlord  
  126  7:38  Overlord x2  
  126  7:40  Drone, Pneumatized Carapace  
  126  7:43  Overlord  
  127  7:44  Drone x3  
  127  7:48  Zerg Missile Weapons Level 2  
  126  7:52  Hydralisk x3  
  126  7:57  Lurker x3  
  135  7:58  Lurker x4  
  135  8:05  Lurker x2  
  139  8:07  Overlord  
  138  8:13  Seismic Spines  
  138  8:14  Drone  
  138  8:17  Hydralisk x2  
  143  8:21  Drone x6  
  143  8:22  Drone x3  
  143  8:23  Overlord  
  152  8:30  Hydralisk x2  
  154  8:34  Hydralisk x2, Extractor x2  
  154  8:36  Hatchery  
  155  8:43  Hydralisk x5  
  165  8:58  Hydralisk x4  
  173  9:03  Spine Crawler  
  173  9:04  Hydralisk x4  
  173  9:05  Spine Crawler  
  173  9:06  Muscular Augments  
  173  9:07  Spine Crawler  
  173  9:08  Spine Crawler  
  177  9:11  Nydus Network  
  176  9:22  Hydralisk x4  
  184  9:26  Overlord x2  
  184  9:37  Adaptive Talons  
  178  9:39  Lurker x3  
  178  9:40  Overlord x2  
  181  9:50  Lurker  
  181  9:51  Lurker x3  
  185  9:53  Drone x4  
  185  9:56  Zergling x6  
  185  9:57  Zergling x2  
  185  9:58  Lurker x2  
  195  10:04  Spine Crawler, Hatchery  
  195  10:06  Spine Crawler, Nydus Canal  
  192  10:07  Lurker  
  192  10:19  Grooved Spines  
  192  10:21  Lurker x4  
  196  10:29  Hydralisk x4  
  196  10:34  Overlord  
  193  10:36  Nydus Canal  
  193  10:38  Zergling x20  
  193  10:40  Zergling x2  
  193  10:42  Hydralisk x3  
  194  10:50  Lurker x2  
  194  10:55  Hydralisk x3  
  200  10:59  Hydralisk  
  194  11:05  Hydralisk x3  
  200  11:15  Infestor  
  189  11:21  Viper x2  
  189  11:22  Unknown  
  189  11:23  Hydralisk x3  
  182  11:26  Overseer  
  182  11:28  Zergling x26  
  185  11:36  Hydralisk x2  
  185  11:37  Hydralisk x4  
  186  11:45  Hydralisk x5  
  185  11:49  Queen  
  186  11:54  Hydralisk x4  
  194  12:05  Nydus Canal  
  194  12:10  Zerg Missile Weapons Level 3, Extractor  
  194  12:12  Evolution Chamber  
  192  12:22  Infestor  
  194  12:23  Lurker x2  
  194  12:24  Lurker x2  
  195  12:38  Nydus Canal  
  195  12:40  Lurker x4  
  199  12:49  Hydralisk x7  
  187  12:51  Hydralisk x2  
  181  13:00  Nydus Canal  
  181  13:02  Hydralisk x4  
  173  13:07  Hydralisk  
  173  13:08  Hydralisk x4  
  183  13:16  Nydus Canal  
  183  13:19  Hydralisk x6  
  176  13:26  Hydralisk x5  
  192  13:30  Zergling x10  
  197  13:40  Hydralisk  
  197  13:41  Hydralisk x8  
  181  13:49  Hydralisk  
  181  13:50  Hydralisk x5  
  181  13:53  Zergling x24  
  198  13:59  Hydralisk x3  
  183  14:03  Hydralisk x2  
  183  14:14  Drone x4  
  183  14:15  Lurker x2, Spire  
  188  14:19  Nydus Canal  
  188  14:20  Lurker  
  188  14:22  Hydralisk x2  
Show
View Real Time Build Order
Export as new Build Order

HolyHit Protoss 

Build Orders: 1 Gate Expand, Oracle Opening, Archon Immortal 

Get SALT Encoding   

  12  0:00  Probe  
  13  0:12  Probe  
  14  0:17  Pylon  
  14  0:24  Probe (Chrono Boost)  
  15  0:36  Probe (Chrono Boost)  
  15  0:40  Gateway  
  16  0:45  Probe (Chrono Boost)  
  16  0:46  Assimilator  
  17  0:51  Probe  
  18  1:03  Probe  
  19  1:15  Probe  
  20  1:24  Nexus  
  20  1:33  Cybernetics Core  
  20  1:35  Probe  
  21  1:43  Assimilator  
  21  1:47  Probe  
  21  1:52  Pylon  
  22  2:00  Probe  
  23  2:07  Adept (Chrono Boost)  
  23  2:12  Probe  
  26  2:21  Stargate  
  26  2:24  Probe  
  26  2:28  Adept (Chrono Boost)  
  27  2:36  Warp Gate, Probe  
  29  2:37  Probe  
  30  2:48  Probe  
  30  2:49  Probe  
  30  2:50  Stalker  
  34  3:00  Probe  
  34  3:01  Probe  
  36  3:08  Oracle (Chrono Boost)  
  36  3:12  Probe  
  40  3:13  Probe  
  41  3:24  Probe  
  41  3:26  Probe  
  43  3:29  Pylon  
  43  3:32  Gateway  
  43  3:36  Assimilator, Probe  
  43  3:38  Probe  
  45  3:44  Oracle (Chrono Boost)  
  48  3:48  Probe  
  48  3:50  Probe  
  48  3:53  Pylon  
  50  4:00  Nexus  
  50  4:01  Probe  
  50  4:02  Probe  
  52  4:11  Oracle (Chrono Boost)  
  52  4:12  Assimilator  
  52  4:13  Probe  
  52  4:14  Assimilator, Probe  
  57  4:23  Pylon  
  57  4:25  Probe  
  57  4:27  Adept x2  
  62  4:37  Twilight Council  
  62  4:41  Probe  
  62  4:43  Pylon  
  63  4:46  Probe  
  63  4:48  Forge  
  63  4:49  Robotics Facility  
  64  4:53  Probe  
  64  4:56  Adept x2  
  64  4:59  Probe  
  70  5:05  Probe  
  71  5:11  Probe (Chrono Boost)  
  71  5:12  Probe (Chrono Boost)  
  73  5:17  Probe (Chrono Boost)  
  73  5:18  Blink (Chrono Boost)  
  71  5:21  Protoss Ground Weapons Level 1  
  71  5:24  Probe (Chrono Boost)  
  71  5:26  Pylon  
  74  5:29  Probe x2 (Chrono Boost)  
  74  5:33  Probe (Chrono Boost)  
  74  5:34  Probe (Chrono Boost)  
  73  5:36  Observer (Chrono Boost), Probe (Chrono Boost)  
  73  5:38  Probe  
  73  5:41  Stalker x2  
  77  5:42  Shield Battery  
  77  5:44  Probe  
  77  5:47  Probe  
  73  5:50  Probe  
  73  5:52  Gateway  
  73  5:53  Gateway  
  73  5:56  Shield Battery, Probe  
  75  6:00  Warp Prism (Chrono Boost)  
  75  6:02  Probe  
  75  6:03  Probe  
  79  6:07  Assimilator  
  79  6:12  Stalker  
  79  6:14  Stalker  
  79  6:15  Probe  
  79  6:16  Probe  
  83  6:22  Probe  
  84  6:28  Probe  
  84  6:29  Templar Archives  
  84  6:31  Assimilator, Gateway  
  85  6:32  Gateway  
  85  6:34  Pylon  
  85  6:35  Immortal  
  89  6:47  Stalker x3, Gateway  
  89  6:49  Probe  
  89  6:50  Probe  
  97  6:56  Shield Battery  
  97  6:59  Observer  
  97  7:00  Shield Battery  
  97  7:01  Psionic Storm  
  97  7:02  Photon Cannon  
  97  7:03  Photon Cannon  
  97  7:13  High Templar x2  
  97  7:14  Charge (Chrono Boost)  
  101  7:22  Probe  
  102  7:25  Gateway  
  102  7:27  Gateway, Immortal  
  102  7:28  Stalker, Pylon  
  108  7:41  Pylon  
  108  7:43  Pylon  
  108  7:48  High Templar x2  
  112  7:54  Nexus  
  112  7:56  Pylon  
  112  7:57  Stalker  
  114  7:58  Assimilator  
  114  7:59  Protoss Ground Weapons Level 2 (Chrono Boost)  
  114  8:02  Forge  
  113  8:07  Probe x2  
  113  8:08  Immortal (Chrono Boost)  
  119  8:15  Robotics Facility  
  119  8:17  Nexus  
  119  8:19  Assimilator  
  119  8:21  High Templar x2  
  119  8:26  Shield Battery  
  123  8:27  Zealot x3  
  126  8:41  Immortal  
  130  8:42  Protoss Shields Level 1 (Chrono Boost)  
  130  8:43  Photon Cannon  
  130  8:46  Photon Cannon  
  130  8:49  Photon Cannon  
  130  8:52  Photon Cannon  
  130  8:56  Probe x2  
  130  8:57  Observer  
  130  8:58  Photon Cannon  
  132  9:05  Archon  
  132  9:06  High Templar  
  132  9:07  Immortal (Chrono Boost)  
  138  9:11  Stalker  
  140  9:18  Probe  
  140  9:19  Pylon  
  140  9:21  Pylon  
  140  9:23  Pylon  
  141  9:24  Pylon  
  141  9:28  Probe x2  
  144  9:32  Observer (Chrono Boost)  
  144  9:38  Stalker x2  
  144  9:43  High Templar x3, Immortal (Chrono Boost)  
  144  9:44  High Templar  
  144  9:45  Probe  
  161  9:47  Probe  
  162  9:54  Probe  
  162  9:57  Archon  
  163  10:02  Pylon  
  163  10:04  Pylon, Immortal  
  163  10:05  Pylon  
  167  10:17  Warp Prism  
  167  10:19  Probe  
  164  10:32  Zealot x8, Nexus  
  164  10:33  Zealot  
  164  10:34  Pylon  
  152  10:44  Immortal  
  144  10:53  Immortal  
  144  10:56  Zealot  
  138  10:58  Zealot x5  
  138  11:02  Stalker  
  149  11:07  Pylon  
  149  11:08  Pylon  
  139  11:24  Zealot x2  
  130  11:26  High Templar x5  
  136  11:37  Immortal (Chrono Boost)  
  132  11:40  Zealot  
  123  11:49  Zealot x2  
  123  11:50  Probe x2  
  133  11:58  Probe x2  
  135  12:02  Protoss Ground Weapons Level 3 (Chrono Boost), High Templar x5, Photon Cannon  
  135  12:03  Photon Cannon, High Templar, Immortal (Chrono Boost)  
  135  12:05  Protoss Shields Level 2 (Chrono Boost), Photon Cannon  
  135  12:06  Archon x2  
  135  12:07  Cybernetics Core  
  147  12:11  Archon  
  147  12:12  Zealot  
  147  12:13  Zealot  
  151  12:17  Observer (Chrono Boost)  
  151  12:21  Probe x3  
  154  12:28  Observer (Chrono Boost)  
  155  12:30  Photon Cannon  
  155  12:33  Zealot x2  
  155  12:35  Immortal (Chrono Boost)  
  158  12:53  Observer (Chrono Boost)  
  158  12:55  Zealot x8  
  134  13:14  Observer (Chrono Boost)  
  134  13:17  Zealot x7  
  126  13:27  Probe  
  126  13:31  Immortal  
  130  13:41  Zealot x5  
  133  13:53  Immortal  
  109  14:03  Zealot x4  
  117  14:13  High Templar x2  
  117  14:16  Gateway  
  121  14:18  Probe x2  
  121  14:19  Probe x2  
  125  14:25  Archon  
  125  14:29  Zealot  
  125  14:30  Zealot x2  
  129  14:34  Zealot  
  86  14:45  Zealot x2  
Tags
 
Add a new tag
Caveats
  • Supply blocks, unpowered buildings, or Contaminate may cause inaccurate times.
  • Supply counts are checked every 10 seconds.